 Dungeon Crawl Stone Soup version 0.30-a0-847-g17996783a1 (webtiles) character file.

Game seed: 14702874613524997099

25862 BlueFish the Covert (level 12, -25/89 HPs)
             Began as a Vampire Enchanter on Mar 3, 2023.
             Was a High Priest of Dithmenos.
             Annihilated by a centaur warrior simulacrum (33 damage)
             ... in a Gauntlet on Mar 4, 2023.
             The game lasted 00:44:54 (13589 turns).

BlueFish the Covert (Vampire Enchanter)            Turns: 13589, Time: 00:44:55

Health: -25/89     AC: 15    Str:  7    XL:     12   Next: 93%
Magic:  17/22      EV: 17    Int: 18    God:    Dithmenos [*****.]
Gold:   916        SH:  0    Dex: 19    Spells: 2/25 levels left

rFire   . . .      SeeInvis +    w - +2 dagger (protect)
rCold   x . .      Faith    .    (no shield)
rNeg    + . .      Spirit   .    D - +0 steam dragon scales
rPois   .          Reflect  .    e - +0 helmet
rElec   .          Rampage  .    R - +2 cloak {Stlth+}
rCorr   .          NoTele   +    (no gloves)
Will    +....                    (no boots)
Stlth   ++++++++++               F - amulet of regeneration
HPRegen 1.34/turn                l - ring of positive energy
MPRegen 0.18/turn                (no ring)

@: under a protective aura, healing quickly, wreathed by umbra
A: alive, fangs 3, see invisible, vampiric 2, hooves 1, deformed body, cold
vulnerability 1
a: Exsanguinate, Renounce Religion, Shadow Step, Shadow Form


You were in a Gauntlet.
You worshipped Dithmenos.
Dithmenos was extremely pleased with you.
You visited 3 branches of the dungeon, and saw 15 of its levels.
You also visited: Sewer and Gauntlet.

You collected 916 gold pieces.

Inventory:

Hand Weapons
 a - a +2 dagger of flaming
 b - a +2 short sword of protection
 w - a +2 dagger of protection (weapon)
 K - a +2 rapier of flaming
Missiles
 t - 5 boomerangs (quivered)
 x - 2 javelins
 y - 15 poisoned darts
 G - a curare-tipped dart
 L - 6 silver boomerangs
 W - 2 throwing nets
Armour
 e - a +0 helmet (worn)
 D - +0 steam dragon scales (worn)
 R - a +2 cloak of stealth (worn)
Jewellery
 l - a ring of positive energy (left hand)
 F - an amulet of regeneration (around neck)
 V - a ring of ice
Wands
 j - a wand of polymorph (7)
 H - a wand of flame (21)
 M - a wand of mindburst (18)
 N - a wand of light (20)
 P - a wand of iceblast (11)
 U - a wand of paralysis (10)
Scrolls
 d - 8 scrolls of teleportation
 f - a scroll of fear
 h - 2 scrolls of magic mapping
 i - 4 scrolls of identify
 k - 4 scrolls of enchant weapon
 n - a scroll of blinking
 o - 2 scrolls of amnesia
 p - 2 scrolls of silence
 q - a scroll of brand weapon
 u - 2 scrolls of enchant armour
 v - 4 scrolls of poison
 A - 2 scrolls of immolation
 B - a scroll of summoning
 S - a scroll of torment
Potions
 c - a potion of invisibility
 g - 5 potions of curing
 m - 4 potions of brilliance
 r - 6 potions of flight
 s - a potion of berserk rage
 z - 6 potions of haste
 C - 3 potions of resistance
 E - 2 potions of might
 I - a potion of attraction
 J - a potion of cancellation
 O - a potion of heal wounds
 X - 2 potions of lignification {unknown}
Miscellaneous
 Q - a phantom mirror
 T - a phial of floods


   Skills:
 + Level 6.5 Fighting
 + Level 8.1 Short Blades
 + Level 5.5 Throwing
 + Level 6.0 Armour
 + Level 8.3 Dodging
 + Level 12.1 Stealth
 + Level 7.0 Spellcasting
 + Level 11.2 Hexes
 + Level 4.9 Invocations
 + Level 6.1 Evocations


You had 2 spell levels left.
You knew the following spells:

 Your Spells              Type           Power      Damage    Failure   Level
a - Ensorcelled Hibernat  Hex/Ice        52%        N/A       1%          2
b - Confusing Touch       Hex            46%        N/A       1%          3
c - Tukima's Dance        Hex            46%        N/A       1%          3
d - Dazzling Flash        Conj/Hex       52%        N/A       3%          3
e - Cause Fear            Hex            23%        N/A       1%          4
f - Discord               Hex            23%        N/A       100%        8

Your spell library contained the following spells:

 Spells                   Type           Power      Damage    Failure   Level
 Kiss of Death            Conj/Necr      24%        2d7       11%         1
 Magic Dart               Conj           24%        1d4       11%         1
 Call Imp                 Summ           6%         N/A       16%         2
 Cigotuvi's Dreadful Rot  Necr/Pois/Air  12%        N/A       16%         2
 Poisonous Vapours        Pois/Air       12%        N/A       16%         2
 Inner Flame              Hex/Fire       26%        N/A       3%          3
 Ignite Poison            Fire/Tmut/Pois 6%         N/A       32%         3
 Mephitic Cloud           Conj/Pois/Air  6%         N/A       32%         3
 Ozocubu's Armour         Ice            6%         N/A       32%         3
 Dispel Undead            Necr           6%         3d8       71%         4
 Sticky Flame             Conj/Fire      6%         2d3       71%         4
 Ozocubu's Refrigeration  Ice            3%         4d8       100%        7
 Spellforged Servitor     Conj/Summ      3%         N/A       100%        7
 Ignition                 Fire           3%         3d4       100%        8
 Dragon's Call            Summ           3%         N/A       100%        9


Dungeon Overview and Level Annotations

Branches:
Dungeon (11/15)            Temple (1/1) D:4            Lair (3/5) D:8
  Swamp (0/4) Lair:3          Orc (0/2) D:10          Sewer (visited)
Gauntlet (1/1)
  Snake: Lair:2-3    Spider: Lair:2-3

Altars:
Ashenzari
Dithmenos
Hepliaklqana
Makhleb
Okawaru
Qazlal
Trog
Vehumet
Yredelemnul

Annotations:
D:4 3 runed translucent doors, loam's ghost, weakling DsDe
D:7 2 transporters, Juicyj's ghost, novice GnWn
D:8 3 runed translucent doors, relicbr's ghost, novice SpDe Gauntlet 13 transporters, exclusion: lightning spire


Innate Abilities, Weirdness & Mutations

Your natural rate of healing is accelerated.
You have razor-sharp teeth.
You have supernaturally acute eyesight. (SInv)
You are afflicted with vampirism and can become a bat while bloodless.
You have large cloven feet.
Armour fits poorly on your strangely shaped body.
You are vulnerable to cold. (rC-)


Message History

Your kick misses the meliai simulacrum.
The meliai simulacrum is severely damaged.
The meliai simulacrum hits the centaur warrior simulacrum!
The meliai simulacrum freezes the centaur warrior simulacrum.
The centaur warrior simulacrum completely resists.
The meliai simulacrum hits the centaur warrior simulacrum!
The meliai simulacrum freezes the centaur warrior simulacrum.
The centaur warrior simulacrum completely resists.
The meliai simulacrum completely misses itself.
The meliai simulacrum barely misses itself.
You hit the meliai simulacrum.
The meliai simulacrum is almost destroyed.
You hit the meliai simulacrum but do no damage.
You kick the meliai simulacrum. You bite the meliai simulacrum.
The meliai simulacrum is almost destroyed.
The meliai simulacrum hits you. The meliai simulacrum freezes you!
You feel a terrible chill!
The meliai simulacrum closely misses you.
You hit the meliai simulacrum.
The meliai simulacrum vaporises!
Dithmenos accepts your kill.
Casting: Confusing Touch (safe; 1% risk of failure)
Confirm with . or Enter, or press ? or * to list all spells.
Your hands begin to glow red.
The centaur warrior simulacrum barely misses you.
The centaur warrior simulacrum kicks you.
The centaur warrior simulacrum freezes you!!
You feel a terrible chill!
* * * LOW HITPOINT WARNING * * *
You hit the centaur warrior simulacrum but do no damage.
The centaur warrior simulacrum appears confused.
You bite the centaur warrior simulacrum.
The centaur warrior simulacrum is severely damaged.
Your shadow hits the centaur warrior simulacrum but does no damage.
The centaur warrior simulacrum completely misses you.
The centaur warrior simulacrum kicks you.
* * * LOW HITPOINT WARNING * * *
The centaur warrior simulacrum freezes you!!
You feel a terrible chill!
You die...

##©#.......#.#.........≈≈#
.###...♣...#.#########..≈#
##...P.PPP.#.#?[.....#...##
.#...#≈#≈#.#.#Z#####.#.∩.≈##
##.P.≈≈≈≈≈.#.#Z#.....#...≈≈##
...♣.#≈#≈#.#©###.#####©.♣≈≈≈#
##.PP≈≈≈≈≈.#.#...#...#...≈≈##
##..P#≈#≈#.#.#§###§#.#.∩.≈##
##.....PP..#.#ZZ@§§#©#...##
Z###..P♣P..#.#########..≈#
.#©#.......#.#.........≈≈#
.#.#########.#.♣...♣..####
.#.#5......#.#.P..P..≈#
.#.##..##..#.#.PP♣..≈≈#
##.###..##.#.#..P..####
.#©#©##©.###©#.♣..≈#
##.#}.##..####...≈≈#


You could see a wyvern simulacrum and 2 centaur warrior simulacra.

Vanquished Creatures
  Harold (Lair:1)
  Fannar (Lair:1)
  2 hydras
  2 two-headed ogres
  Pikel (D:7)
  2 cyclopes (D:11)
  An elephant (Lair:2)
  2 black mambas
  Joseph (D:8)
  Maurice (D:9)
  2 gargoyles
  Maggie (D:6)
  4 cane toads
  3 unseen horrors
  Psyche (D:8)
  A kobold demonologist (D:10)
  A rime drake (Lair:2)
  3 komodo dragons
  3 trolls
  2 hornets
  4 blink frogs (Lair:1)
  2 shadows
  41 yaks
  Eustachio (D:5)
  A basilisk (Lair:1)
  A wraith (D:10)
  2 vampire mosquitoes (D:7)
  A steam dragon (D:9)
  6 water moccasins
  5 orc warriors
  A meliai simulacrum (Gauntlet)
  4 black bears
  3 sky beasts
  A swamp drake (D:10)
  4 ice beasts
  An ogre (D:10)
  8 wolves (Lair:2)
  4 centaurs
  3 lemures
  2 kobold brigands
  4 bullfrogs
  A gnoll sergeant (D:9)
  4 scorpions
  8 killer bees
  12 howler monkeys
  A lava snake (D:10)
  4 jellies
  4 hounds
  7 orc priests
  Crazy Yiuf (D:7)
  A gnoll bouda (D:8)
  A sleepcap (D:8)
  3 iguanas
  11 orc wizards
  A sickly merfolk siren (Sewer)
  Terence (D:3)
  A malarious merfolk avatar (Sewer)
  10 gnolls
  10 river rats (D:5)
  12 adders
  An ufetubus (D:5)
  A worm (D:2)
  2 dart slugs
  47 orcs
  4 endoplasms
  5 giant cockroaches
  3 goblins
  7 hobgoblins
  4 jackals (D:4)
  15 kobolds
  14 quokkas
  6 ball pythons
  6 bats
  5 frilled lizards (Sewer)
  37 rats
384 creatures vanquished.

Vanquished Creatures (collateral kills)
  An orc warrior (D:6)
  A gnoll bouda (D:7)
  2 gnolls (D:9)
  3 orcs
  3 kobolds (D:7)
10 creatures vanquished.

Vanquished Creatures (others)
  5 dancing weapons
  An adder (D:6)
  6 fungi
  23 plants
  4 toadstools (D:3)
39 creatures vanquished.

Grand Total: 433 creatures vanquished

Notes
Turn   | Place    | Note
-------+----------+-------------------------------------------
     0 | D:1      | BlueFish the Vampire Enchanter began the quest for the Orb.
     0 | D:1      | Reached XP level 1. HP: 13/13 MP: 3/3
    30 | D:1      | Reached XP level 2. HP: 19/19 MP: 5/5
    33 | D:1      | Learned a level 2 spell: Ensorcelled Hibernation
   726 | D:2      | Gained mutation: You are afflicted with vampirism and can
                  | become a bat while bloodless. [Vampire growth]
   726 | D:2      | Reached XP level 3. HP: 25/25 MP: 6/6
   730 | D:2      | Learned a level 3 spell: Confusing Touch
  1034 | D:3      | Noticed Terence
  1035 | D:3      | Killed Terence
  1036 | D:3      | Reached skill level 5 in Stealth
  1076 | D:3      | Reached XP level 4. HP: 31/31 MP: 7/7
  1125 | D:3      | Reached skill level 1 in Fighting
  1125 | D:3      | Reached skill level 1 in Armour
  1125 | D:3      | Reached skill level 5 in Hexes
  1171 | D:3      | You fall into a shaft and drop 3 floors!
  1172 | D:6      | Noticed an ice beast
  1179 | D:6      | Noticed a black bear
  1185 | D:6      | Noticed an ice beast
  1210 | D:6      | Noticed Maggie
  1239 | D:5      | Entered Level 5 of the Dungeon
  1286 | D:5      | Learned a level 3 spell: Tukima's Dance
  1308 | D:5      | Found a glowing drain.
  1312 | D:5      | Reached XP level 5. HP: 33/37 MP: 4/8
  1319 | Sewer    | Entered a sewer
  1445 | Sewer    | HP: 1/37 [sickly merfolk siren (10)]
  1652 | Sewer    | Gained mutation: Armour fits poorly on your strangely
                  | shaped body. [potion of mutation]
  1652 | Sewer    | Gained mutation: You have large cloven feet. [potion of
                  | mutation]
  1652 | Sewer    | Gained mutation: You are vulnerable to cold. (rC-) [potion
                  | of mutation]
  1922 | D:4      | Reached XP level 6. HP: 44/44 MP: 10/10
  1989 | D:4      | Reached skill level 6 in Stealth
  2138 | D:4      | Found a runed translucent gate.
  2139 | D:4      | Found a runed translucent gate.
  2140 | D:4      | Found a runed translucent gate.
  2148 | D:4      | Noticed loam's ghost (weakling DsDe)
  2363 | D:3      | Got the Catalogue of Entrancing Rallying
  3095 | D:4      | Found a staircase to the Ecumenical Temple.
  3283 | D:4      | Reached XP level 7. HP: 23/50 MP: 8/11
  3287 | D:4      | Learned a level 3 spell: Dazzling Flash
  3441 | Temple   | Entered the Ecumenical Temple
  3459 | Temple   | Became a worshipper of Dithmenos the Shadowed
  3844 | D:4      | Found a radiant altar of Vehumet.
  4411 | D:5      | Reached * piety under Dithmenos
  4412 | D:5      | Reached skill level 1 in Throwing
  4412 | D:5      | Reached skill level 1 in Evocations
  4742 | D:5      | Noticed Eustachio
  4763 | D:5      | Killed Eustachio
  5153 | D:6      | Reached XP level 8. HP: 57/57 MP: 13/13
  5189 | D:6      | Reached skill level 7 in Stealth
  5288 | D:6      | Found a hazy altar of Hepliaklqana.
  5438 | D:6      | Killed Maggie
  5456 | D:6      | Learned a level 4 spell: Cause Fear
  5523 | D:6      | Reached ** piety under Dithmenos
  5762 | D:6      | Found a broken altar of Ashenzari.
  5789 | D:6      | Reached XP level 9. HP: 64/64 MP: 15/15
  5795 | D:6      | Reached skill level 5 in Dodging
  5795 | D:6      | Reached skill level 8 in Stealth
  6012 | D:7      | Found a transporter.
  6012 | D:7      | Found a transporter.
  6012 | D:7      | Noticed a moth of wrath
  6081 | D:7      | Reached skill level 5 in Short Blades
  6270 | D:7      | Noticed Pikel
  6597 | D:7      | Killed Pikel
  6730 | D:7      | Noticed Juicyj's ghost (novice GnWn)
  6732 | D:7      | Noticed a troll
  6742 | D:7      | Found a runed translucent door.
  6743 | D:7      | Noticed Crazy Yiuf
  6751 | D:7      | Killed Crazy Yiuf
  6901 | D:7      | Found a bloodstained altar of Trog.
  6909 | D:7      | Found a transporter.
  6910 | D:7      | Found a transporter.
  7109 | D:7      | Reached *** piety under Dithmenos
  7110 | D:7      | Reached skill level 1 in Invocations
  7128 | D:7      | Noticed a troll
  7262 | D:7      | Reached XP level 10. HP: 69/72 MP: 4/17
  7290 | D:7      | Reached skill level 9 in Stealth
  7468 | D:8      | Paralysed by a hornet for 1 turns
  7470 | D:8      | Paralysed by a hornet for 1 turns
  7586 | D:8      | Found a stormy altar of Qazlal.
  7633 | D:8      | Reached skill level 5 in Spellcasting
  7939 | D:8      | Noticed Psyche
  7945 | D:8      | Killed Psyche
  7949 | D:8      | Found a runed translucent gate.
  7949 | D:8      | Found a runed translucent gate.
  7949 | D:8      | Found a runed translucent gate.
  7986 | D:8      | Noticed relicbr's ghost (novice SpDe)
  8221 | D:8      | Found a staircase to the Lair.
  8257 | D:8      | Noticed Joseph
  8273 | D:8      | Killed Joseph
  8794 | D:9      | Noticed a two-headed ogre
  8798 | D:9      | Killed a two-headed ogre
  8804 | D:9      | Reached skill level 5 in Fighting
  8817 | D:9      | Reached **** piety under Dithmenos
  8885 | D:9      | Reached skill level 10 in Stealth
  8885 | D:9      | Reached XP level 11. HP: 79/79 MP: 16/19
  9104 | D:9      | Noticed Maurice
  9111 | D:9      | Killed Maurice
  9343 | D:9      | Found an iron altar of Okawaru.
  9452 | D:10     | Entered Level 10 of the Dungeon
  9711 | D:10     | Noticed a two-headed ogre
  9720 | D:10     | Killed a two-headed ogre
  9937 | D:10     | Reached skill level 5 in Armour
 10083 | D:10     | Reached skill level 5 in Evocations
 10332 | D:10     | Found a staircase to the Orcish Mines.
 10806 | D:11     | Reached skill level 10 in Hexes
 11103 | D:11     | Reached skill level 11 in Stealth
 11366 | D:11     | Reached XP level 12. HP: 87/87 MP: 21/21
 11375 | D:11     | Learned a level 8 spell: Discord
 11557 | Lair:1   | Entered Level 1 of the Lair of Beasts
 11600 | Lair:1   | Noticed a four-headed hydra
 11621 | Lair:1   | Killed a four-headed hydra
 11766 | Lair:1   | Reached skill level 5 in Throwing
 12094 | Lair:1   | Reached ***** piety under Dithmenos
 12192 | Lair:1   | Noticed Fannar
 12194 | Lair:1   | Killed Fannar
 12233 | Lair:1   | Noticed Harold
 12243 | Lair:1   | Killed Harold
 13153 | Lair:2   | Noticed an eight-headed hydra
 13175 | Lair:2   | Reached skill level 12 in Stealth
 13179 | Lair:2   | Killed an eight-headed hydra
 13254 | Lair:3   | Noticed a death yak
 13276 | Lair:3   | Noticed a death yak
 13280 | Lair:3   | Noticed a death yak
 13282 | Lair:3   | Noticed a death yak
 13312 | Lair:3   | Found a gate leading to a gauntlet.
 13321 | Gauntlet | Entered a Gauntlet
 13321 | Gauntlet | Found a transporter.
 13358 | Gauntlet | Found a runed translucent door.
 13361 | Gauntlet | Found a transporter.
 13361 | Gauntlet | Found a transporter.
 13377 | Gauntlet | Found a transporter.
 13379 | Gauntlet | Found a transporter.
 13389 | Gauntlet | Found a transporter.
 13402 | Gauntlet | Noticed a death scarab
 13404 | Gauntlet | Found a transporter.
 13404 | Gauntlet | Noticed a death scarab
 13406 | Gauntlet | Found the +2 cloak of the Thief {*Fog Slay-2 SInv Stlth+}
 13408 | Gauntlet | Found a transporter.
 13430 | Gauntlet | Found a transporter.
 13434 | Gauntlet | Found a transporter.
 13444 | Gauntlet | Found a transporter.
 13446 | Gauntlet | Found a transporter.
 13487 | Gauntlet | Found a transporter.
 13501 | Gauntlet | Found a transporter.
 13589 | Gauntlet | Annihilated by a centaur warrior simulacrum

Illustrated notes

Levels and vault maps discovered:
D:1:      scummos_arrival_star, layout_loops_ring
D:2:      layout_basic, serial_park_tiny_2
D:3:      layout_loops_ring, minmay_gold_behind_fungi,
          chequers_serial_rivers_small_3, kennysheep_small_spiral, uniq_terence
D:4:      layout_cave_pods, lemuel_tele_altar, minmay_temple_entry_statues,
          ebering_ghost_rock_garden
D:5:      lemuel_ratsnest, layout_gridville, mainiacjoe_overflow_cross_hatched,
          portal_sewer_entry_d, minivault_4, uniq_eustachio
D:6:      layout_rooms, nicolae_ashenzari_skybound,
          worldfamousw_hep_ancestral_shrine, uniq_maggie
D:7:      gammafunk_beogh_shrine, layout_cave_pools,
          gammafunk_ghost_wrathful_warriors, uniq_pikel, uniq_crazy_yiuf_cottage
D:8:      layout_gridville, kennysheep_mini_moat,
          grunt_lair_entry_orc_guard_hut, gammafunk_ghost_icy,
          kennysheep_generic_room_10, uniq_psyche, uniq_joseph
D:9:      layout_rooms, mainiacjoe_overflow_chevrons, library_closet,
          grunt_ministairs_6, uniq_maurice
D:10:     layout_big_octagon, erik_orc_1, st_stairs_7
D:11:     layout_long_grid
Temple:   nicolae_temple_elliptical
Lair:1:   layout_roguey, grunt_megastairs_2, lemuel_fruit_fields, uniq_fannar,
          uniq_harold
Lair:2:   layout_roguey, guppyfry_snake_entry_garden, grunt_megastairs_3
Lair:3:   layout_cave_pods, minmay_swamp_entry_reptiles, gauntlet_entry_generic,
          gammafunk_ghost_cemetery, lemuel_old_faithful, serial_bayou_shore_b
Gauntlet: minmay_gauntlet_77_tree [minmay_gauntlet_arena_77_path,
          minmay_gauntlet_arena_77_block_sizes,
          minmay_gauntlet_arena_77_two_lines,
          minmay_gauntlet_arena_77_hold_the_fort, minmay_gauntlet_arena_77_mess,
          minmay_gauntlet_arena_77_p_blocks,
          minmay_gauntlet_arena_77_tiled_triplets, gauntlet_exit_hidden_loot]

Skill      XL: |  1  2  3  4  5  6  7  8  9 10 11 12 |
---------------+-------------------------------------+-----
Stealth        | 5 6 7 8 10 11 12 | 12.1
Fighting       | 1 2 3 4 5 6 |  6.5
Armour         | 1 2 3 4 5 6 |  6.0
Hexes          | 5 6 7 8 9 10 11 | 11.2
Short Blades   | 2 3 4 5 6 7 8 |  8.1
Dodging        | 3 4 5 6 7 8 |  8.3
Spellcasting   | 3 4 5 6 7 |  7.0
Throwing       | 1 2 3 4 5 |  5.5
Evocations     | 1 2 3 4 5 6 |  6.1
Invocations    | 1 2 3 4 |  4.9

Action                     |  1- 3 |  4- 6 |  7- 9 | 10-12 || total
---------------------------+-------+-------+-------+-------++-------
  Melee: Dagger            |    67 |   242 |   432 |   594 ||  1335
         Bite              |     5 |    20 |    54 |    68 ||   147
         Kick              |       |    37 |   131 |   192 ||   360
         Punch             |       |     3 |     7 |     8 ||    18
   Cast: Ensorcelled Hiber |       |    18 |    50 |   139 ||   207
         Confusing Touch   |       |     1 |     6 |    15 ||    22
         Tukima's Dance    |       |       |    24 |    10 ||    34
         Cause Fear        |       |       |       |     2 ||     2
         Dazzling Flash    |       |       |       |     1 ||     1
 Invoke: Shadow Step       |       |       |       |     1 ||     1
    Use: Scroll            |     3 |       |     4 |    14 ||    21
         Potion            |       |     7 |       |       ||     7
   Stab: Sleeping          |    12 |    24 |    40 |   116 ||   192
         Distracted        |       |     1 |     3 |     1 ||     5
         Confused          |       |       |     4 |    14 ||    18
 Armour: Robe              |    14 |    45 |    13 |       ||    72
         Steam dragon scal |       |       |    50 |   132 ||   182
  Dodge: Dodged            |    36 |   142 |   270 |   439 ||   887
  Block: Other             |       |     3 |    65 |       ||    68
         Reflection        |       |       |     1 |       ||     1

Table legend: (Time is in decaauts)
 A = Elapsed time spent in this place.
 B = Non-inter-level travel time spent in this place.
 C = Inter-level travel time spent in this place.
 D = Time resting spent in this place.
 E = Time spent auto-exploring this place.
 F = Levels seen in this place.
 G = Mean time per level.
                   A        B        C        D        E       F      G
               +--------+--------+--------+--------+--------+-----+--------+
         Total |  13330 |  12853 |    477 |    262 |   8597 |  17 |  784.1 |
       Dungeon |  10813 |  10398 |    415 |    158 |   7245 |  11 |  983.0 |
        Temple |     34 |     18 |     16 |      0 |     11 |   1 |   34.0 |
          Lair |   1685 |   1640 |     45 |    104 |   1042 |   3 |  561.7 |
         Sewer |    532 |    532 |      0 |      0 |    247 |   1 |  532.0 |
      Gauntlet |    264 |    264 |      0 |      0 |     52 |   1 |  264.0 |
               +--------+--------+--------+--------+--------+-----+--------+

Top non-repeatable levels by time:
     D:7: 1406 daAuts
     D:8: 1340 daAuts
     D:5: 1229 daAuts
    D:10: 1195 daAuts
     D:4: 1175 daAuts
     D:3: 1069 daAuts
  Lair:1: 956 daAuts
     D:6: 908 daAuts
    D:11: 804 daAuts
     D:9: 653 daAuts
  Lair:2: 643 daAuts
     D:1: 566 daAuts
   Sewer: 532 daAuts
     D:2: 463 daAuts
Gauntlet: 264 daAuts
